 Dungeon Crawl Stone Soup version 0.30-a0-169-g06f667207d (webtiles) character file.

Game seed: 5584384631596206895

116 qw the Chopper (level 5, 0/32 HPs)
             Began as a Gargoyle Fighter on Sept 30, 2022.
             Slain by a gnoll
             ... wielding a +0 halberd
              (1 damage)
             ... on level 3 of the Dungeon.
             The game lasted 00:00:45 (2320 turns).

qw the Chopper (Gargoyle Fighter)                   Turns: 2320, Time: 00:00:45

Health: 0/32       AC: 13    Str: 22    XL:     5   Next: 1%
Magic:  5/5        EV:  7    Int:  8    God:
Gold:   48         SH:  4    Dex:  9    Spells: 4/4 levels left

rFire   . . .      SeeInvis .    Y - +1 war axe
rCold   . . .      Faith    .    c - +0 buckler
rNeg    + . .      Spirit   .    h - +0 chain mail
rPois   inf        Reflect  .    (no helmet)
rElec   +          Harm     .    (no cloak)
rCorr   .          Rampage  .    (no gloves)
Will    .....                    (no boots)
Stlth   ..........               (no amulet)
HPRegen 0.10/turn                (no ring)
MPRegen 0.09/turn                (no ring)

@: no status effects
A: sickness immunity, AC +4, negative energy resistance 1, electricity
resistance, torment resistance 1, petrification resistance
a: no special abilities


You were on level 3 of the Dungeon.
You visited 1 branch of the dungeon, and saw 3 of its levels.

You collected 48 gold pieces.


Innate Abilities, Weirdness & Mutations

You are immune to sickness and miasma.
Your stone body is resilient. (AC +4)
You are immune to poison.
You resist negative energy. (rN+)
You are resistant to electric shocks. (rElec)
You are resistant to unholy torment.
You are immune to petrification.


   Skills:
 - Level 3.2 Fighting
 + Level 4.5 Axes
 - Level 3.2 Armour
 - Level 3.2 Shields


You had 4 spell levels left.
You didn't know any spells.
Your spell library was empty.

Inventory:

Hand Weapons
 j - a +0 flail of protection
 Y - a +1 war axe (weapon)
Armour
 c - a +0 buckler (worn)
 h - a +0 chain mail (worn)
Scrolls
 a - a scroll of identify
Potions
 b - a potion of flight {unknown}
 d - a potion of might
 e - a potion of mutation {unknown}
 f - 2 potions of lignification

Dungeon Overview and Level Annotations

Branches:
Dungeon (3/15)

Altars:

Shops:
D:3 (


Message History

A hobgoblin comes into view.
The hobgoblin shouts!
You hear a shout!
A gnoll comes into view. It is wielding a +0 halberd.
Found 14 gold pieces.
You see here a book of Conjurations.
An endoplasm comes into view.
Found a hand axe.
Found a stone staircase leading up.
The endoplasm quivers.
A gnoll comes into view. It is wielding a +1 whip of venom.
The gnoll shouts!
The gnoll hits you from afar with a +0 halberd!
The hobgoblin hits you but does no damage.
A gnoll comes into view. It is wielding a +3 spear.
You closely miss the hobgoblin.
The gnoll shouts!
The gnoll hits you from afar with a +0 halberd!
The hobgoblin hits you but does no damage.
You slash the hobgoblin!
You kill the hobgoblin!
A gnoll comes into view. It is wielding a +0 spear.
The gnoll barely misses you.
The gnoll hits you from afar with a +0 halberd.
You have reached level 5!
The gnoll shouts!
You hit the endoplasm.
The endoplasm is moderately wounded.
You block the gnoll's attack. The endoplasm freezes you.
You are frozen.
You slash the endoplasm!
You kill the endoplasm!
You block the gnoll's attack.
You hit the gnoll.
The gnoll is heavily wounded.
The gnoll hits you but does no damage.
The gnoll hits you from afar with a +3 spear.
You barely miss the gnoll.
The gnoll is heavily wounded.
The gnoll hits you from afar with a +0 halberd.
You die...

#.#############
..............########
#.###########........#
#...)..... #........##
##########.
#.........#
#..#.........#
#...:.......#.
##............
##..g@.....<.
##..........
#...gg......
#...g$......
#........$..
#...........
.......)....
.##..........


You could see 4 gnolls.

Vanquished Creatures
  4 gnolls (D:2)
  2 adders (D:2)
  A worm (D:3)
  3 ball pythons
  2 bats
  5 endoplasms
  4 giant cockroaches
  7 goblins
  9 hobgoblins
  3 jackals (D:1)
  3 kobolds
  A quokka (D:1)
  A frilled lizard (D:1)
  5 rats
50 creatures vanquished.

Notes
Turn   | Place    | Note
-------+----------+-------------------------------------------
     0 | D:1      | qw the Gargoyle Fighter began the quest for the Orb.
     0 | D:1      | Reached XP level 1. HP: 14/14 MP: 1/1
     0 | D:1      | 0 ||| qw: Version: 0.2-a-12-gaebbb33
     0 | D:1      | 0 ||| qw: Game counter: 1373
     0 | D:1      | 0 ||| qw: Always use a shield: true
     0 | D:1      | 0 ||| qw: God list: Okawaru
     0 | D:1      | 0 ||| qw: Allow faded altars: false
     0 | D:1      | 0 ||| qw: Do Orc after D:15 true
     0 | D:1      | 0 ||| qw: Do second Lair branch before Depths: true
     0 | D:1      | 0 ||| qw: Lair rune preference: random
     0 | D:1      | 0 ||| qw: Plans: Normal, Zot:1-4, God:TSO, Crypt, Tomb,
                  | Pan, Slime:5, Hells, Abyss, Orb
     0 | D:1      | 0 ||| PLANNING D:1-11
    52 | D:1      | Reached skill level 2 in Axes
   255 | D:1      | 255 ||| Stepping ~*~*~tactically~*~*~ (stealth).
   260 | D:1      | Reached XP level 2. HP: 19/19 MP: 2/2
   360 | D:1      | 360 ||| Stepping ~*~*~tactically~*~*~ (stealth).
   374 | D:1      | 374 ||| Stepping ~*~*~tactically~*~*~ (stealth).
   376 | D:1      | 376 ||| Stepping ~*~*~tactically~*~*~ (stealth).
   377 | D:1      | 377 ||| Stepping ~*~*~tactically~*~*~ (stealth).
   517 | D:1      | Reached skill level 3 in Axes
   594 | D:1      | Reached XP level 3. HP: 18/23 MP: 3/3
  1057 | D:1      | 1057 ||| UPGRADING to +0 chain mail.
  1067 | D:1      | 1067 ||| DROPPING +0 scale mail.
  1068 | D:1      | 1068 ||| READING 2 scrolls labelled GILAEG MEACONGET.
  1069 | D:1      | 1069 ||| READING scroll labelled ZIPHUA RUIFOUV.
  1070 | D:1      | 1070 ||| READING scroll labelled LEVAME APLO.
  1073 | D:1      | 1073 ||| DRINKING 2 clear potions.
  1130 | D:1      | 1130 ||| DROPPING scroll of noise.
  1234 | D:2      | 1234 ||| Stepping ~*~*~tactically~*~*~ (stealth).
  1236 | D:2      | 1236 ||| Stepping ~*~*~tactically~*~*~ (stealth).
  1291 | D:2      | 1291 ||| Stepping ~*~*~tactically~*~*~ (stealth).
  1467 | D:2      | Reached XP level 4. HP: 28/28 MP: 4/4
  1471 | D:2      | 1471 ||| Stepping ~*~*~tactically~*~*~ (hiding).
  1474 | D:2      | 1474 ||| Stepping ~*~*~tactically~*~*~ (stealth).
  1483 | D:2      | Reached skill level 4 in Axes
  1610 | D:2      | Found a faded altar of an unknown god.
  1794 | D:2      | 1794 ||| DROPPING +0 club.
  1918 | D:2      | 1918 ||| DROPPING +0 mace.
  2172 | D:2      | 2172 ||| READING 2 scrolls labelled HAKE XYISA.
  2173 | D:2      | 2173 ||| READING scroll labelled LOZEAM YGRAUB.
  2174 | D:2      | 2174 ||| READING scroll labelled DASYME JENOOST.
  2255 | D:3      | Found Uhawnul's Weapon Shop.
  2316 | D:3      | HP: 4/28 [gnoll/+0 halberd (6)]
  2317 | D:3      | Reached XP level 5. HP: 5/32 MP: 5/5
  2319 | D:3      | HP: 1/32 [gnoll/+3 spear (3)]
  2320 | D:3      | Slain by a gnoll

Levels and vault maps discovered:
D:1:      kennysheep_arrival_forest, layout_loops_ring, serial_bayou_pond_d
D:2:      layout_loops_corners, shapermc_ecumenical_altar_mp_vishouse
D:3:      layout_rooms, serial_shops, shop_fountains, st_stairs_3,
          chequers_serial_rivers_small_b, grunt_ministairs_11

Skill      XL: |  1  2  3  4 |
---------------+-------------+-----
Axes           | 2 3 4 |  4.5
Fighting       | |  3.2
Armour         | |  3.2
Shields        | |  3.2

Action                   |  1- 3 |  4- 6 || total
-------------------------+-------+-------++-------
Melee: War axe           |   104 |    38 ||   142
  Use: Scroll            |     3 |     3 ||     6
       Potion            |     1 |       ||     1
Armor: Scale mail        |    38 |       ||    38
       Chain mail        |    18 |    22 ||    40
Dodge: Dodged            |    34 |     7 ||    41
Block: Buckler           |    14 |     8 ||    22

Table legend:
 A = Non-vault XP
 B = Vault XP
 C = Vault XP percentage of total XP
 D = Non-vault monster count
 E = Vault monster count
 F = Vault count percentage of total count
                 A         B        C        D         E       F
            +---------+---------+-------+---------+---------+-------
      Total |     167 |       0 |   0.0 |      50 |       0 |   0.0
            +---------+---------+-------+---------+---------+-------
        D:1 |      45 |       0 |   0.0 |      25 |       0 |   0.0
        D:2 |     106 |       0 |   0.0 |      18 |       0 |   0.0
        D:3 |      16 |       0 |   0.0 |       7 |       0 |   0.0
            +---------+---------+-------+---------+---------+-------
